 Dungeon Crawl Stone Soup version 0.27-a0-797-g27d10ad80f (console) character file.

Game seed: 15026520482716811467

27036 jejorda2 the Impaler (level 13, -14/103 HPs)
             Began as a Merfolk Berserker on Mar 27, 2021.
             Was a High Priest of Trog.
             Demolished by an eight-headed hydra (17 damage)
             ... on level 4 of the Lair of Beasts.
             The game lasted 00:34:26 (18094 turns).

jejorda2 the Impaler (Merfolk Berserker)           Turns: 18094, Time: 00:34:29

Health: -14/103    AC: 30    Str: 23    XL:     13   Next: 29%
Magic:  13/13      EV:  9    Int:  6    God:    Trog [*****.]
Gold:   1009       SH:  0    Dex: 13    Spells: 12/12 levels left

rFire    . . .     SeeInvis .   a - +1 glaive
rCold    . . .     Faith    .   (shield currently unavailable)
rNeg     + . .     Spirit   .   e - +9 plate armour of the Lost Ageing Dreams {rElec rPois rC- rCorr}
rPois    +         Reflect  .   (no helmet)
rElec    +         Harm     .   d - +0 cloak
rCorr    +         Rampage  .   q - +2 pair of gloves
Will     ++...                  c - +1 pair of boots
Stlth    ..........             (no amulet)
HPRegen  1.27/turn              w - ring of positive energy
MPRegen  0.13/turn              E - ring of protection from cold

@: mighty, about to teleport, berserk cooldown, regenerating, slowed, very slow
A: (nimble swimmer 2), mertail
a: Renounce Religion, Berserk, Trog's Hand, Brothers in Arms


You were on level 4 of the Lair of Beasts.
You worshipped Trog.
Trog was extremely pleased with you.
You visited 2 branches of the dungeon, and saw 13 of its levels.
You also visited: Ossuary.

You collected 2537 gold pieces.
You spent 1528 gold pieces at shops.

Inventory:

Hand Weapons
 a - a +1 glaive (weapon)
 b - a +0 trident
Missiles
 i - 44 poisoned darts (quivered)
 y - 8 boomerangs
 J - 7 javelins
Armour
 c - a +1 pair of boots (worn)
 d - a +0 cloak (worn)
 e - the +9 plate armour of the Lost Ageing Dreams (worn) {rElec rPois rC- rCorr}
   (You bought it in a shop on level 5 of the Dungeon)

   It makes you vulnerable to cold.
   It insulates you from electricity.
   It protects you from poison.
   It provides partial protection from all sources of acid and corrosion.
 q - a +2 pair of gloves (worn)
Jewellery
 v - a ring of ice
 w - a ring of positive energy (left hand)
 C - a ring of ice
 E - a ring of protection from cold (right hand)
 K - a ring of fire
Wands
 j - a wand of paralysis (19)
 t - a wand of polymorph (8)
 A - a wand of digging (5)
 H - a wand of flame (5)
 M - a wand of iceblast (6)
Scrolls
 f - 3 scrolls of blinking
 l - a scroll of enchant weapon
 o - a scroll of enchant armour
 s - 2 scrolls of fear
 D - 7 scrolls of teleportation
 F - a scroll of fog
 G - 2 scrolls of magic mapping
 L - a scroll of identify
Potions
 g - 6 potions of attraction
 h - 2 potions of heal wounds
 k - 3 potions of flight
 m - a potion of mutation
 n - a potion of might
 p - 2 potions of lignification
 r - a potion of ambrosia
 x - a potion of invisibility
 z - 5 potions of curing
 B - a potion of berserk rage
Miscellaneous
 u - a condenser vane (inert)
 I - a phial of floods


   Skills:
 - Level 10.0 Fighting
 - Level 20.0 Polearms
 + Level 9.2 Armour
 - Level 6.0 Dodging
 - Level 6.0 Evocations


You had 12 spell levels left.
You didn't know any spells.
Your spell library was empty.

Dungeon Overview and Level Annotations

Branches:
Dungeon (9/15)             Temple (0/1) D:5            Lair (4/6) D:9
  Swamp (0/4) Lair:3        Snake (0/4) Lair:2      Ossuary (visited)
    Orc: D:9-12

Altars:
Cheibriados
Fedhas
Hepliaklqana
Qazlal
Sif Muna
Vehumet
Xom
Yredelemnul
The Shining One

Shops:
D:2 ?   D:3 :   D:5 [

Annotations:
D:5 3 runed translucent doors, Lobster4's ghost, amateur TeSu
Lair:4 1 transporter


Innate Abilities, Weirdness & Mutations

((You are quick and stealthy while swimming. (Stealth+, EV+, Speed+++)))
Your lower body shifts to a powerful aquatic tail in water.


Message History

The wolf barely misses you.
You feel a strong urge to attack something.
The elephant closely misses you.
The elephant trunk-slaps you but does no damage.
You are no longer berserk.
You are exhausted.
You feel yourself slow down. The wolf bites you but does no damage.
You slash the wolf!
The wolf is heavily wounded.
The wolf bites you but does no damage. x2
Unknown command.
Unknown command.
Unknown command.
Unknown command.
As you read the scroll of teleportation, it crumbles to dust.
You feel strangely unstable.
The wolf rages.
The eight-headed hydra barely misses you.
The eight-headed hydra closely misses you.
The eight-headed hydra barely misses you.
The eight-headed hydra misses you.
The eight-headed hydra bites you but does no damage.
The eight-headed hydra bites you!
* * * LOW HITPOINT WARNING * * *
The eight-headed hydra bites you but does no damage. x2
The eight-headed hydra bites you!
* * * LOW HITPOINT WARNING * * *
The eight-headed hydra bites you but does no damage. x2
The eight-headed hydra closely misses you.
The eight-headed hydra bites you but does no damage.
The eight-headed hydra barely misses you. x2
The eight-headed hydra bites you but does no damage.
The eight-headed hydra barely misses you.
The eight-headed hydra closely misses you.
The eight-headed hydra barely misses you.
The eight-headed hydra bites you!
* * * LOW HITPOINT WARNING * * *
The eight-headed hydra bites you but does no damage.
The eight-headed hydra bites you!
You die...

###..............#....P...... #
#.†††.................P....P. #
###.†.............#.......... #
#.†........................
##....................#.....
######.....####©###.......##.....
#.#....#####..###.##.....(.#...#.
.......#©...#......##.#...P#.....
......##...#...#@...#..........#.
......#......#yD##..#............
..<...#..##..©hB#.W.#......P.....
......#.....#..y.$#.##......PP...
......##.##(.[###....#...........
.......#....[!?$D#..##...........
.......##..##### .###..§.........
........####.©.####....≈§≈.......
.......................§≈≈.......


You could see a boulder beetle (berserk), an eight-headed hydra (berserk), 2
moths of wrath and a wolf (berserk).

Vanquished Creatures
  The ghost of Nyzic the Grappler, a journeyman TrMo (Lair:4)
  Snorg (Lair:3)
  3 hydras
  A death yak (Lair:3)
  Urug (Lair:3)
  A bog body (Lair:3)
  2 oklob plants (Lair:2)
  4 elephants (Lair:4)
  2 black mambas
  A torpor snail (Lair:3)
  9 cane toads
  5 komodo dragons
  3 rime drakes (Lair:3)
  A polar bear (Lair:1)
  9 blink frogs
  Prince Ribbit (D:5)
  A hornet (D:8)
  Grinder (D:5)
  A shadow (D:9)
  5 wyverns
  Sigmund (D:5)
  A wraith (D:7)
  24 yaks
  A steam dragon (D:9)
  6 basilisks
  3 vampire mosquitoes (D:8)
  5 water moccasins
  3 nagas (Lair:2)
  2 acid dragons (D:9)
  A black bear (Lair:3)
  2 orc warriors
  2 sky beasts (D:7)
  3 centaurs
  An ogre (D:5)
  8 wolves
  Blork the orc (D:5)
  2 kobold brigands
  5 elf zombies (Ossuary)
  A wyvern zombie (D:6)
  A gnoll sergeant (D:9)
  13 bullfrogs
  2 wyvern skeletons (D:6)
  4 killer bees (D:8)
  5 howler monkeys
  9 centaur zombies
  A human zombie (Ossuary)
  An orc priest (D:5)
  4 jellies
  A bullfrog skeleton (D:5)
  An iguana (D:4)
  4 orc wizards
  2 killer bee zombies
  3 mummies (Ossuary)
  4 gnolls (D:9)
  9 adders
  2 ufetubi
  An adder skeleton (D:4)
  2 worms (D:3)
  3 dart slugs
  15 orcs
  11 endoplasms
  8 giant cockroaches
  2 goblins (D:1)
  10 hobgoblins
  9 jackals
  A quokka (D:4)
  9 ball pythons
  6 bats
  6 frilled lizards
  19 kobolds
  7 rats
300 creatures vanquished.

Vanquished Creatures (others)
  20 fungi
  36 plants
56 creatures vanquished.

Grand Total: 356 creatures vanquished

Notes
Turn   | Place    | Note
-------+----------+-------------------------------------------
     0 | D:1      | jejorda2 the Merfolk Berserker began the quest for the Orb.
     0 | D:1      | Reached XP level 1. HP: 18/18 MP: 1/1
   243 | D:1      | Reached XP level 2. HP: 15/24 MP: 2/2
   448 | D:1      | Reached skill level 5 in Polearms
   670 | D:1      | Reached XP level 3. HP: 29/29 MP: 3/3
   700 | D:1      | Reached ** piety under Trog
  1267 | D:2      | Found Kabirav's Magic Scroll Shoppe.
  1277 | D:2      | Bought a scroll of identify for 24 gold pieces
  1834 | D:2      | Reached XP level 4. HP: 37/37 MP: 4/4
  1967 | D:2      | Reached skill level 6 in Polearms
  2456 | D:3      | Found Migided's Book Boutique.
  2538 | D:3      | Found a shimmering altar of Xom.
  2545 | D:3      | Found a shimmering blue altar of Sif Muna.
  3248 | D:4      | Reached XP level 5. HP: 42/42 MP: 5/5
  3278 | D:4      | Found a snail-covered altar of Cheibriados.
  3285 | D:4      | Found a stormy altar of Qazlal.
  3287 | D:4      | Found a hazy altar of Hepliaklqana.
  3287 | D:4      | Found a glowing golden altar of the Shining One.
  3361 | D:4      | Found a sand-covered staircase.
  3367 | Ossuary  | Entered an ossuary
  3418 | Ossuary  | Reached skill level 7 in Polearms
  3510 | Ossuary  | Reached XP level 6. HP: 48/49 MP: 6/6
  3695 | Ossuary  | Reached skill level 8 in Polearms
  3702 | Ossuary  | Reached skill level 5 in Fighting
  3717 | Ossuary  | Reached XP level 7. HP: 22/56 MP: 7/7
  4122 | Ossuary  | Reached skill level 9 in Polearms
  4832 | D:4      | Reached *** piety under Trog
  5327 | D:5      | Entered Level 5 of the Dungeon
  5327 | D:5      | Noticed Grinder
  5429 | D:5      | Reached XP level 8. HP: 48/64 MP: 8/8
  5455 | D:5      | Noticed Sigmund
  5477 | D:5      | Killed Sigmund
  5478 | D:5      | Reached skill level 10 in Polearms
  5589 | D:5      | Found a staircase to the Ecumenical Temple.
  6045 | D:5      | Reached skill level 11 in Polearms
  6045 | D:5      | Reached skill level 1 in Evocations
  6175 | D:5      | Killed Grinder
  6190 | D:5      | Noticed Prince Ribbit
  6521 | D:5      | Noticed Blork the orc
  6528 | D:5      | Killed Blork the orc
  6529 | D:5      | Reached XP level 9. HP: 66/69 MP: 9/9
  6625 | D:5      | Killed Prince Ribbit
  6626 | D:5      | Reached skill level 12 in Polearms
  6907 | D:5      | Found a runed translucent gate.
  6907 | D:5      | Found a runed translucent gate.
  6908 | D:5      | Found a runed translucent gate.
  6910 | D:5      | Noticed Lobster4's ghost (amateur TeSu)
  7019 | D:5      | Found Losaloafymp's Antique Armour Boutique.
  7301 | D:6      | Identified a scroll of acquirement
  7301 | D:6      | Acquired 945 gold pieces
  7331 | D:5      | Bought a spiked plate armour for 784 gold pieces
  7331 | D:5      | Identified the +9 plate armour of the Lost Ageing Dreams
                  | {rElec rPois rC- rCorr} (You bought it in a shop on level 5
                  | of the Dungeon)
  7650 | D:6      | Found a radiant altar of Vehumet.
  7817 | D:6      | Found a blossoming altar of Fedhas.
  8130 | D:7      | Reached skill level 13 in Polearms
  8130 | D:7      | Reached skill level 5 in Armour
  8484 | D:7      | Found a basalt altar of Yredelemnul.
  8750 | D:8      | Noticed a hornet
  8758 | D:8      | Paralysed by a hornet for 1 turns
  8761 | D:8      | Killed a hornet
  8766 | D:8      | Reached **** piety under Trog
  8967 | D:8      | Reached XP level 10. HP: 69/76 MP: 10/10
  8979 | D:8      | Reached skill level 14 in Polearms
  8986 | D:8      | Reached skill level 5 in Evocations
  9353 | D:8      | Identified the +0 robe of Fiqos {+Blink Str+2 Stlth+}
 10491 | D:9      | Reached skill level 15 in Polearms
 10555 | D:9      | Found a stormy altar of Qazlal.
 11038 | D:9      | Found a staircase to the Lair.
 11358 | D:9      | Reached skill level 16 in Polearms
 11854 | Lair:1   | Entered Level 1 of the Lair of Beasts
 11939 | Lair:1   | Reached XP level 11. HP: 60/81 MP: 11/11
 12081 | Lair:1   | Reached skill level 17 in Polearms
 12508 | Lair:1   | Reached ***** piety under Trog
 12832 | Lair:1   | Reached skill level 18 in Polearms
 13416 | D:2      | Bought a scroll of acquirement for 624 gold pieces
 13417 | D:2      | Acquired 763 gold pieces
 13421 | D:2      | Bought a scroll of identify for 24 gold pieces
 13421 | D:2      | Bought a scroll of identify for 24 gold pieces
 13421 | D:2      | Bought a scroll of identify for 24 gold pieces
 13421 | D:2      | Bought a scroll of identify for 24 gold pieces
 14260 | Lair:2   | Found a staircase to the Snake Pit.
 14557 | Lair:2   | Noticed an oklob plant
 14558 | Lair:2   | Noticed an oklob plant
 14568 | Lair:2   | Reached skill level 19 in Polearms
 14599 | Lair:2   | Killed an oklob plant
 14889 | Lair:2   | Killed an oklob plant
 15083 | Lair:2   | Reached skill level 20 in Polearms
 15117 | Lair:2   | Reached XP level 12. HP: 64/88 MP: 12/12
 15987 | Lair:3   | Reached skill level 5 in Dodging
 16274 | Lair:3   | Found a staircase to the Swamp.
 16334 | Lair:3   | Noticed a death yak
 16353 | Lair:3   | Killed a death yak
 16550 | Lair:3   | Noticed a five-headed hydra
 16566 | Lair:3   | Killed a five-headed hydra
 16583 | Lair:3   | Noticed Snorg
 16595 | Lair:3   | Killed Snorg
 16973 | Lair:3   | Noticed Urug
 16986 | Lair:3   | Killed Urug
 17301 | Lair:4   | Noticed a five-headed hydra
 17312 | Lair:4   | Found a transporter.
 17312 | Lair:4   | Noticed Nyzic's ghost (journeyman TrMo)
 17353 | Lair:4   | Killed a five-headed hydra
 17452 | Lair:4   | Noticed a seven-headed hydra
 17468 | Lair:4   | Killed a seven-headed hydra
 17469 | Lair:4   | Reached XP level 13. HP: 103/103 MP: 13/13
 17483 | Lair:4   | Reached skill level 10 in Fighting
 17699 | Lair:4   | Found a transporter.
 18089 | Lair:4   | Killed Nyzic's ghost
 18094 | Lair:4   | HP: 3/103 [eight-headed hydra (9)]
 18094 | Lair:4   | Demolished by an eight-headed hydra

Illustrated notes

Levels and vault maps discovered:
D:1:      giann_horns, layout_basic, corexii_corridor_pit, minmay_misc_feat_x
D:2:      layout_loops_corners, serial_shops, shop, minivault_14,
          grunt_ministairs_2
D:3:      layout_basic, gammafunk_temple_overflow_statue, serial_shops,
          nicolae_shop_competitors_out_of_business
D:4:      layout_gridville, minitemple, nicolae_ossuary_entry_plus,
          grunt_tough_drop
D:5:      layout_basic, minmay_temple_entry_fiery, serial_shops, shop,
          ebering_ghost_rock_garden, st_stairs_7, chequers_arboretum,
          solitary_fountain, uniq_sigmund, uniq_grinder, uniq_prince_ribbit1,
          uniq_blork_the_orc
D:6:      layout_gridville, chequers_temple_overflow_statue_of_worship
D:7:      layout_gridville, general_overflow_altar,
          minmay_misc_feat_more_columns
D:8:      layout_loops_ring, wad_woods_river_04
D:9:      layout_basic, erik_lair_dragon, minivault_23, minmay_door_square,
          lemuel_altar_in_water
Lair:1:   layout_loops_ring
Lair:2:   layout_small_grid, minmay_snake_entry_guardpost_small,
          minmay_lair_oklob_chamber
Lair:3:   layout_cave_shapes, skrybe_swamp_entry_bodies, grunt_megastairs_4,
          uniq_urug, uniq_snorg
Lair:4:   layout_gridlike, gammafunk_ghost_berserking_beasts

Skill      XL: |  1  2  3  4  5  6  7  8  9 10 11 12 13 |
---------------+----------------------------------------+-----
Polearms       | 5 6 7 8 9 11 13 16 20 | 20.0
Armour         | 2 3 4 5 6 8 9 |  9.2
Fighting       | 4 5 6 9 10 | 10.0
Evocations     | 2 4 6 |  6.0
Dodging        | 3 6 |  6.0

Action                   |  1- 3 |  4- 6 |  7- 9 | 10-12 | 13-15 || total
-------------------------+-------+-------+-------+-------+-------++-------
Melee: Spear             |   161 |   255 |   363 |       |       ||   779
       Tailslap          |     1 |       |       |     1 |       ||     2
       Glaive            |       |       |   201 |   654 |    57 ||   912
       Trident           |       |       |       |    23 |       ||    23
Throw: Dart              |       |       |       |     2 |       ||     2
Invok: Berserk           |     1 |     1 |     5 |     8 |     1 ||    16
       Trog's Hand       |       |     3 |     4 |     3 |     1 ||    11
       Brothers in Arms  |       |       |       |       |     1 ||     1
Evoke: Wand              |       |       |       |     2 |       ||     2
       Condenser vane    |       |       |       |       |     1 ||     1
  Use: Scroll            |       |     4 |    11 |    11 |     2 ||    28
       Potion            |       |       |       |     2 |     1 ||     3
 Stab: Paralysed         |       |       |       |     9 |       ||     9
Armor: Ring mail         |    24 |       |       |       |       ||    24
       Scale mail        |    12 |    70 |    89 |       |       ||   171
       Chain mail        |       |       |    20 |       |       ||    20
       Plate armour      |       |       |   132 |   429 |    65 ||   626
Dodge: Dodged            |    70 |    97 |   152 |   184 |    30 ||   533

Table legend: (Time is in decaauts)
 A = Elapsed time spent in this place.
 B = Non-inter-level travel time spent in this place.
 C = Inter-level travel time spent in this place.
 D = Time resting spent in this place.
 E = Time spent auto-exploring this place.
 F = Levels seen in this place.
 G = Mean time per level.
                   A        B        C        D        E       F      G
               +--------+--------+--------+--------+--------+-----+--------+
         Total |  17848 |  16535 |   1313 |   1071 |  12721 |  14 | 1274.9 |
       Dungeon |  11225 |  10110 |   1115 |    325 |   8087 |   9 | 1247.2 |
          Lair |   5652 |   5455 |    197 |    573 |   4094 |   4 | 1413.0 |
       Ossuary |    970 |    970 |      0 |    173 |    540 |   1 |  970.0 |
               +--------+--------+--------+--------+--------+-----+--------+

Top non-repeatable levels by time:
     D:5: 2012 daAuts
  Lair:2: 1891 daAuts
     D:9: 1875 daAuts
  Lair:1: 1658 daAuts
     D:8: 1537 daAuts
  Lair:3: 1328 daAuts
     D:1: 1257 daAuts
     D:2: 1208 daAuts
     D:4: 1125 daAuts
 Ossuary: 970 daAuts
     D:7: 829 daAuts
  Lair:4: 773 daAuts
     D:3: 757 daAuts
     D:6: 620 daAuts
